cohdb
Replays
Latest Replays
All Replays
Popular Replays
Top Player Replays
Match Explorer
How It Works
Community
CoH3 Stats
Reddit
Sign in to upload your games and track your stats! →
Sign in with Steam
Match 27168604
Unlisted
Match 27168604
Overview
Messages
Build Orders
End
Panzergrenadier Squad
Selects Italian Infantry
Panzergrenadier Squad
Construct Light Support Kompanie
Panzergrenadier Squad
2.5-tonne Medical Truck
Fire Support Elements
Flakvierling Half-track
Construct Panzerarmee Kommand
Selects Guastatori Squad
Selects L6/40 Light Tank Combat Group
Selects Towed Cannone da 105/28 Field Howitzer
Guastatori Squad
Panzerjäger Mechanized Group
Towed Cannone da 105/28 Field Howitzer
Flak 36 Anti-tank Gun Team
Towed Cannone da 105/28 Field Howitzer
OperationBrewStorm
Jonas Van Halen
vincent
Omar Kamel Rock
GeneralBeandog
Asni
El_Chuy_
fbiagent00
0
0
Comments
sign in to comment!
No comments posted yet!